AoeStats
← Malik Bhai

Arabian Desert

510118329Analyzed
1v1 RM · 2d ago on Sep 29, 2026· 27m 4s· 2 players
Game mode
Random Map
Map size
Tiny (2 player)
Population
200
Speed
Normal
Resources
Standard
Victory
Conquest
Starting age
Dark Age
Ending age
Imperial Age
RankedLock teamsTeams togetherTeam positionsShared explorationLock speedFull tech treeHidden civsTurbo modeCheats
Victory
Defeat
🇩🇪 Mongols · Germany
1707
+13
🇵🇰 Ethiopians · Pakistan
1650
-13
Malik Bhai
6:27 Loom
9:03 Feudal Age
9:44 Double-Bit Axe
12:54 Fletching
22:43 Castle Age
21:13 Padded Archer Armor
23:43 Bodkin Arrow
24:41 Crossbowman
27:30 Bow Saw
27:01 Horse Collar
serkoprime
6:08 Loom
8:46 Feudal Age
8:55 Man-at-Arms
13:13 Fletching
15:25 Padded Archer Armor
16:02 Double-Bit Axe
21:30 Castle Age
20:07 Scale Barding Armor
20:53 Horse Collar
22:38 Leather Archer Armor
22:20 Bodkin Arrow
23:57 Bow Saw
23:57 Crossbowman
Connection lost

Rejoining the realm…

Still unreachable

The connection could not be restored.

Session expired

The server has moved on; the page needs a fresh start.